 Dungeon Sprint DCSS version 0.32-a0-799-g95e1662365 (webtiles) character file.

Game seed: 17456359093592802435

628 rocky1 the Basher (level 7, -8/53 HPs)
             Began as a Gargoyle Fighter on Mar 22, 2024.
             Was an Initiate of Gozag.
             Mangled by a two-headed ogre
             ... wielding a +0 giant club
              (10 damage)
             ... in the Dungeon (Sprint IX: "|||||||||||||||||||||||||||||").
             The game lasted 00:01:45 (667 turns).

rocky1 the Basher (Gargoyle Fighter)                 Turns: 667, Time: 00:01:47

Health: -8/53      AC: 19    Str: 25    XL:     7   Next: 48%
Magic:  7/7        EV:  7    Int:  8    God:    Gozag
Gold:   0          SH:  4    Dex:  9    Spells: 6/6 levels left

rFire   . . .        a - +0 flail
rCold   . . .        c - +0 buckler
rNeg    + . .        p - +1 chain mail
rPois   ∞            (no helmet)
rElec   +            n - +0 cloak
rCorr   .            (no gloves)
SInv    .            o - +0 pair of boots
Will    .....        (no amulet) Stlth
                     r - +3 ring of strength
HPRegen 0.28/turn    q - +2 ring of protection
MPRegen 0.10/turn

%: no teleportation
@: no status effects
A: sickness immunity, AC +4, negative energy resistance 1, electricity
resistance, torment resistance 1, petrification resistance
a: Renounce Religion, Potion Petition, Call Merchant, Bribe Branch


You were in the Dungeon.
You worshipped Gozag.
Gozag was noncommittal.
You visited 1 branch

Inventory:

Hand Weapons
 a - a +0 flail (weapon)
 m - a +1 heavy broad axe
Armour
 c - a +0 buckler (worn)
 n - a +0 cloak (worn)
 o - a +0 pair of boots (worn)
 p - a +1 chain mail (worn)
Jewellery
 q - a +2 ring of protection (right hand)
 r - a +3 ring of strength (left hand)
Wands
 l - a wand of roots (9)
Scrolls
 j - 2 scrolls of blinking
 k - 2 scrolls of amnesia
Potions
 d - a potion of might
 e - 5 potions of curing
 g - a potion of haste
 h - 4 potions of magic


   Skills:
 + Level 10.6 Fighting
 * Level 12.9 Maces & Flails
 - Level 3.2 Armour
 - Level 3.2 Shields


You had 6 spell levels left.
You didn't know any spells.
Your spell library was empty.

Dungeon Overview and Level Annotations

Branches:
Dungeon (1/1)

Altars:
Cheibriados
Dithmenos
Elyvilon
Fedhas
Gozag
Hepliaklqana
Kikubaaqudgha
Makhleb
Nemelex Xobeh
Okawaru
Qazlal
Ru
Sif Muna
Trog
Uskayaw
Vehumet
Wu Jian
Xom
Yredelemnul
Zin
The Shining One
Beogh
Jiyva
Lugonu


Innate Abilities, Weirdness & Mutations

You are immune to sickness and miasma.
Your stone body is resilient. (AC +4)
You are immune to poison.
You resist negative energy. (rN+)
You are resistant to electric shocks. (rElec)
You are resistant to unholy torment.
You are immune to petrification.


Message History

Roots grab the two-headed ogre.
Roots grab the orc warrior.
The grasping roots constrict the two-headed ogre.
The grasping roots constrict the orc warrior.
The two-headed ogre hits you with a +0 giant club!
The two-headed ogre hits you but does no damage.
The orc warrior hits you but does no damage.
You hit the two-headed ogre.
The two-headed ogre is heavily wounded.
The grasping roots constrict the two-headed ogre.
The grasping roots constrict the orc warrior, but do no damage.
You block the orc warrior's attack.
You hit the two-headed ogre but do no damage.
The two-headed ogre is heavily wounded.
The grasping roots constrict the two-headed ogre.
The grasping roots constrict the orc warrior.
The two-headed ogre hits you with a +0 giant club.
* * * LOW HITPOINT WARNING * * *
The two-headed ogre hits you with a +0 giant club.
* * * LOW HITPOINT WARNING * * *
The orc warrior hits you but does no damage.
You hit the two-headed ogre.
The two-headed ogre is severely wounded.
The grasping roots constrict the two-headed ogre.
The grasping roots constrict the orc warrior.
You hit the two-headed ogre but do no damage.
The two-headed ogre is severely wounded.
The grasping roots constrict the two-headed ogre!
The grasping roots constrict the orc warrior.
You grasping roots sink back into the ground. x2
The two-headed ogre hits you with a +0 giant club!
* * * LOW HITPOINT WARNING * * *
The two-headed ogre hits you but does no damage.
The orc warrior barely misses you.
You barely miss the two-headed ogre.
The two-headed ogre is almost dead.
The orc warrior barely misses you.
The two-headed ogre hits you but does no damage.
The two-headed ogre hits you with a +0 giant club!
You die...
Your body crumbles into a pile of gold. ▓▓▓▓▓▓▓▓▓▓▓▓▓▓▓▓▓▓▓▓▓▓▓▓ +...WoO@[.....)..'______ ▓▓▓▓▓▓▓▓▓▓▓▓▓▓▓▓▓▓▓▓▓▓▓▓

You could see a two-headed ogre, a wraith and an orc warrior.

Vanquished Creatures
  2 hornets (D)
  A water moccasin (D)
  A black bear (D)
  A bombardier beetle (D)
  An adder (D)
  An orc (D)
  An endoplasm (D)
  2 hobgoblins (D)
  2 kobolds (D)
12 creatures vanquished.

Notes
Turn   | Place    | Note
-------+----------+-------------------------------------------
     0 | D        | rocky1 the Gargoyle Fighter began the quest for the Orb.
     0 | D        | Reached XP level 1. HP: 14/14 MP: 1/1
     9 | D        | Reached skill level 3 in Maces & Flails
    14 | D        | Reached XP level 2. HP: 15/20 MP: 2/2
    39 | D        | Noticed a water moccasin
    39 | D        | Noticed a bombardier beetle
    39 | D        | Noticed a black bear
    47 | D        | Killed a black bear
    48 | D        | Reached skill level 7 in Maces & Flails
    48 | D        | Reached XP level 3. HP: 28/28 MP: 3/3
    48 | D        | Reached XP level 4. HP: 32/32 MP: 4/4
    59 | D        | Killed a water moccasin
    60 | D        | Reached skill level 9 in Maces & Flails
    60 | D        | Reached XP level 5. HP: 39/39 MP: 5/5
    62 | D        | Reached skill level 10 in Maces & Flails
    62 | D        | Reached XP level 6. HP: 42/45 MP: 6/6
   545 | D        | Found a roughly hewn altar of Beogh.
   545 | D        | Found a snail-covered altar of Cheibriados.
   545 | D        | Found a shadowy altar of Dithmenos.
   545 | D        | Found a white marble altar of Elyvilon.
   545 | D        | Found a blossoming altar of Fedhas.
   545 | D        | Found an opulent altar of Gozag.
   546 | D        | Found a hazy altar of Hepliaklqana.
   547 | D        | Found a viscous altar of Jiyva.
   548 | D        | Found an ancient bone altar of Kikubaaqudgha.
   549 | D        | Found a corrupted altar of Lugonu.
   550 | D        | Found a burning altar of Makhleb.
   551 | D        | Found a sparkling altar of Nemelex Xobeh.
   552 | D        | Found an iron altar of Okawaru.
   553 | D        | Became a worshipper of Gozag Ym Sagoz the Greedy
   554 | D        | Found a stormy altar of Qazlal.
   555 | D        | Found a sacrificial altar of Ru.
   556 | D        | Found a shimmering blue altar of Sif Muna.
   557 | D        | Found a bloodstained altar of Trog.
   558 | D        | Found a hide-covered altar of Uskayaw.
   559 | D        | Found a radiant altar of Vehumet.
   560 | D        | Found an ornate altar of the Wu Jian Council.
   561 | D        | Found a shimmering altar of Xom.
   562 | D        | Found a basalt altar of Yredelemnul.
   563 | D        | Found a glowing silver altar of Zin.
   564 | D        | Found a glowing golden altar of the Shining One.
   615 | D        | Noticed a two-headed ogre
   615 | D        | Noticed a wraith
   615 | D        | Noticed a hornet
   615 | D        | Noticed an orc warrior
   615 | D        | Noticed a hornet
   640 | D        | Killed a hornet
   641 | D        | Reached skill level 11 in Maces & Flails
   650 | D        | Killed a hornet
   651 | D        | Reached skill level 10 in Fighting
   651 | D        | Reached skill level 12 in Maces & Flails
   651 | D        | Reached XP level 7. HP: 36/53 MP: 7/7
   656 | D        | HP: 1/53 [orc warrior/+0 trident (8)]
   666 | D        | HP: 2/53 [two-headed ogre/+0 giant club (8)]
   667 | D        | Mangled by a two-headed ogre

Illustrated notes

Levels and vault maps discovered:
D:        linesprint [early_d, line_temple, items_1, d_10, items_2, lair_1,
          lair_end, items_3, orc_1, orc_end, items_4, d_15, swamp_1, shoals_1,
          snake_1, spider_1, d_20, vaults_1, items_5, swamp_end, shoals_end,
          snake_end, spider_end, vaults_end, d_27, items_6, zot_1, zot_end,
          crypt_end, forest_end, elf_end, slime_end, tomb_end, abyss_end,
          pan_hell_end]

Skill      XL: |  1  2  3  4  5  6 |
---------------+-------------------+-----
Maces & Flails | 3 7 9 10 12 | 12.9
Fighting       | 4 6 8 10 | 10.6
Armour         | |  3.2
Shields        | |  3.2

Action                     |  1- 3 |  4- 6 |  7- 9 || total
---------------------------+-------+-------+-------++-------
  Melee: Flail             |    16 |    49 |    13 ||    78
  Evoke: Wand              |       |       |     1 ||     1
    Use: Potion            |     1 |     2 |     2 ||     5
   Stab: Invisible         |       |     6 |     1 ||     7
 Armour: Scale mail        |     9 |     8 |       ||    17
         Chain mail        |       |    21 |    18 ||    39
  Dodge: Dodged            |     4 |    18 |     7 ||    29
  Block: Buckler           |     4 |     9 |     2 ||    15

Table legend: (Time is in decaauts)
 A = Elapsed time spent in this place.
 B = Non-inter-level travel time spent in this place.
 C = Inter-level travel time spent in this place.
 D = Time resting spent in this place.
 E = Time spent auto-exploring this place.
 F = Levels seen in this place.
 G = Mean time per level.
                   A        B        C        D        E       F      G
               +--------+--------+--------+--------+--------+-----+--------+
         Total |    673 |    673 |      0 |    505 |      0 |   1 |  673.0 |
       Dungeon |    673 |    673 |      0 |    505 |      0 |   1 |  673.0 |
               +--------+--------+--------+--------+--------+-----+--------+

Top non-repeatable levels by time:
       D: 673 daAuts
